 Dungeon Crawl Stone Soup version 0.22-b1-26-g9dbaab1 (webtiles) character file.

4949 tev the Cleaver (level 10, -1/91 HPs)
             Began as a Minotaur Berserker on Aug 7, 2018.
             Was the Champion of Trog.
             Killed by divine providence
             ... invoked by an orc priest
             ... summoned by an orange crystal statue
              (10 damage)
             ... on level 8 of the Dungeon on Aug 8, 2018.
             The game lasted 00:35:57 (8056 turns).

tev the Cleaver (Minotaur Berserker)                Turns: 8056, Time: 00:35:59

Health: -1/91      AC: 15    Str: 26    XL:     10   Next: 28%
Magic:  0/9        EV:  9    Int: -7 (4) God:    Trog [******]
Gold:   340        SH:  0    Dex:  9    Spells: 9/9 levels left

rFire    . . .     SeeInvis .   M - +0 hand axe (drain)
rCold    . . .     Gourm    .   q - +0 buckler
rNeg     . . .     Faith    +   K - +0 plate armour
rPois    .         Spirit   .   (helmet restricted)
rElec    .         Reflect  .   i - +0 cloak
rCorr    .         Harm     .   (no gloves)
MR       .....                  (no boots)
Stlth    ..........             o - amulet of faith
HPRegen  0.25/turn              (no ring)
MPRegen  0.11/turn              (no ring)

@: confused, berserk cooldown, slowed, lost intelligence, very slow
A: retaliatory headbutt, horns 2
a: Berserk, Trog's Hand, Brothers in Arms, Renounce Religion


You were on level 8 of the Dungeon.
You worshipped Trog.
Trog was exalted by your worship.
You were not hungry.

You visited 1 branch of the dungeon, and saw 8 of its levels.
You also visited: Ossuary.

You collected 340 gold pieces.

Inventory:

Hand Weapons
 H - a +4 glaive of venom
 M - a +0 hand axe of draining (weapon)
Armour
 i - a +0 cloak (worn)
 q - a +0 buckler (worn)
 K - a +0 plate armour (worn)
Jewellery
 o - an amulet of faith (around neck)
 F - an uncursed amulet of regeneration {unknown}
Wands
 s - a wand of iceblast (13)
 C - a wand of polymorph (19)
 G - a wand of flame (26)
Scrolls
 f - 8 scrolls of identify
 g - 2 scrolls of remove curse
 h - a scroll of magic mapping {unknown}
 j - 3 scrolls of noise {unknown}
 n - 3 scrolls of blinking
 p - 4 scrolls of amnesia {unknown}
 r - 4 scrolls of random uselessness {unknown}
 u - 3 scrolls of teleportation {unknown}
 y - 4 scrolls of fear {unknown}
 D - a scroll of enchant weapon {unknown}
 E - a scroll of torment {unknown}
 I - 2 scrolls of enchant armour {unknown}
 J - a scroll of immolation {unknown}
 L - a scroll of acquirement {unknown}
Potions
 b - a potion of brilliance {unknown}
 d - 3 potions of mutation {unknown}
 e - 2 potions of magic {unknown}
 k - 3 potions of haste {unknown}
 l - 3 potions of lignification {unknown}
 t - 3 potions of agility {unknown}
 v - a potion of berserk rage
 w - 3 potions of heal wounds {unknown}
 x - 4 potions of flight {unknown}
 z - a potion of invisibility {unknown}
 A - a potion of ambrosia {unknown}
 B - 2 potions of degeneration {unknown}
Comestibles
 c - 5 rations


   Skills:
 + Level 9.3 Fighting
 + Level 12.0 Axes
 + Level 10.0 Armour
 + Level 4.9 Dodging
 + Level 1.0 Shields


You had 9 spell levels left.
You didn't know any spells.
Your spell library was empty.

Dungeon Overview and Level Annotations

Branches:
Dungeon (8/15)             Temple (0/1) D:5
   Lair: D:8-11

Altars:
Ashenzari
Dithmenos
Kikubaaqudgha
Okawaru
Vehumet
Xom
Zin
The Shining One

Annotations:
D:7 Prince Ribbit
D:8 1 runed door, exclusion: 4 orange crystal statues


Innate Abilities, Weirdness & Mutations

You reflexively headbutt those who attack you in melee.
You have a pair of horns on your head.


Message History

The orc wizard blinks!
The orc priest hits you but does no damage.
The centaur misses you. Something hits you.
* * * LOW HITPOINT WARNING * * *
You hit the orc priest. You drain the orc priest!
The orc priest is almost dead.
You closely miss something. You miss the giant cockroach. You hit the centaur.
You hit the orc. You drain the orc!
You kill the orc!
The orc's corpse dissolves into shadows!
Something hits you.
* * * LOW HITPOINT WARNING * * *
The giant cockroach bites you but does no damage.
The orange crystal statue fixes its piercing gaze on you.
The orange crystal statue glitters.
You are more confused.
The centaur hits you but does no damage.
The orc priest calls down the wrath of Beogh upon you.
Beogh smites you!
You die...

#:..............(.
.#######.##############.#
?.(.......# #(.
...####.## #.. #.. #.#
#####.. #...##.#######
#..††..
#............####.###..
#..####o####......†.... #
#8.@c..8#.########..
#S#sco#.#.# ...
#.ZoZc..#.# ###
#ooo[...#.# .#..o....#.#
#.#.#...#.#.. .
#8.....8#.. ## ####+####


You could see 4 orange crystal statues, 3 centaurs, an orc priest, 3 orc
wizards, an adder, 3 orcs, a giant cockroach, an adder skeleton and a centaur
skeleton.

Vanquished Creatures
  A two-headed ogre (D:8)
  Sigmund (D:5)
  A wraith (Ossuary)
  A wyvern (D:8)
  2 hungry ghosts
  2 sky beasts
  An ice beast (D:5)
  An orc warrior (D:7)
  A necrophage (D:7)
  4 ogres
  A centaur (D:8)
  8 bullfrogs
  2 gnoll sergeants (D:7)
  4 scorpions
  5 wights (D:7)
  5 howler monkeys
  A quasit (D:6)
  4 crimson imps
  4 human zombies (D:7)
  7 orc priests
  Crazy Yiuf (D:3)
  3 centaur skeletons
  3 bullfrog skeletons
  A hound (D:7)
  A jelly (D:7)
  5 orc wizards
  Jessica (D:3)
  A human skeleton (D:7)
  3 worker ants
  A hound zombie (D:8)
  A hound skeleton (D:8)
  2 mummies
  A howler monkey zombie (D:5)
  11 gnolls (D:7)
  13 adders
  A shadow imp (D:5)
  An ooze (D:5)
  An adder skeleton (D:4)
  2 adder zombies
  3 worms
  3 dart slugs
  A leopard gecko (D:2)
  41 orcs
  3 giant cockroaches
  8 goblins
  9 hobgoblins
  29 jackals
  4 quokkas
  6 bats
  11 frilled lizards
  6 gnoll skeletons (Ossuary)
  8 kobolds
  5 kobold skeletons (Ossuary)
  A leopard gecko skeleton (D:4)
  A leopard gecko zombie (D:7)
  14 orc skeletons (Ossuary)
  A quokka skeleton (D:4)
  11 rats
  A rat zombie (D:5)
275 creatures vanquished.

Notes
Turn   | Place    | Note
-------+----------+-------------------------------------------
     0 | D:1      | tev the Minotaur Berserker began the quest for the Orb.
     0 | D:1      | Reached XP level 1. HP: 19/19 MP: 0/0
   181 | D:1      | Reached skill level 4 in Axes
   190 | D:1      | Reached XP level 2. HP: 27/27 MP: 1/1
   367 | D:1      | Reached ** piety under Trog
   656 | D:1      | Reached XP level 3. HP: 33/33 MP: 2/2
   961 | D:2      | Found an iron altar of Okawaru.
   988 | D:2      | Reached skill level 5 in Axes
   988 | D:2      | Reached XP level 4. HP: 29/40 MP: 3/3
  1815 | D:2      | Found a glowing silver altar of Zin.
  1872 | D:2      | Reached *** piety under Trog
  2061 | D:3      | Reached skill level 6 in Axes
  2061 | D:3      | Reached XP level 5. HP: 29/47 MP: 4/4
  2323 | D:3      | Reached skill level 7 in Axes
  2323 | D:3      | Reached XP level 6. HP: 29/53 MP: 5/5
  2630 | D:3      | Noticed Jessica
  2638 | D:3      | Killed Jessica
  2776 | D:3      | Reached **** piety under Trog
  2940 | D:3      | Found a runed door.
  2944 | D:3      | Noticed Crazy Yiuf
  2949 | D:3      | Killed Crazy Yiuf
  3605 | D:4      | Reached skill level 8 in Axes
  3660 | D:4      | Reached XP level 7. HP: 60/60 MP: 6/6
  3794 | D:5      | Entered Level 5 of the Dungeon
  3814 | D:5      | Reached skill level 5 in Fighting
  3871 | D:5      | Found a staircase to the Ecumenical Temple.
  3876 | D:5      | Found a sand-covered staircase.
  3887 | Ossuary  | Entered an ossuary
  3887 | Ossuary  | Noticed a wraith
  3887 | Ossuary  | Noticed a wraith
  3887 | Ossuary  | Noticed a wraith
  3931 | Ossuary  | Noticed a wraith
  3947 | Ossuary  | Killed a wraith
  3947 | Ossuary  | Reached skill level 9 in Axes
  4084 | Ossuary  | Reached ***** piety under Trog
  4115 | D:5      | Noticed Sigmund
  4121 | D:5      | Killed Sigmund
  4209 | D:5      | Reached XP level 8. HP: 61/69 MP: 7/7
  4224 | D:5      | Reached skill level 10 in Axes
  4241 | D:5      | Received a gift from Trog
  4350 | D:5      | Found a shadowy altar of Dithmenos.
  4438 | D:5      | Found a glowing golden altar of the Shining One.
  4847 | D:6      | Reached skill level 5 in Armour
  4857 | D:6      | Reached skill level 11 in Axes
  5224 | D:6      | Reached XP level 9. HP: 57/78 MP: 8/8
  6513 | D:7      | Found a radiant altar of Vehumet.
  6514 | D:7      | Found a shattered altar of Ashenzari.
  6719 | D:7      | Received a gift from Trog
  7017 | D:7      | Noticed Prince Ribbit
  7032 | D:7      | Found a shimmering altar of Xom.
  7109 | D:7      | Found an ancient bone altar of Kikubaaqudgha.
  7486 | D:8      | Reached ****** piety under Trog
  7511 | D:8      | Reached XP level 10. HP: 66/91 MP: 9/9
  7566 | D:8      | Noticed a two-headed ogre
  7576 | D:8      | Killed a two-headed ogre
  7576 | D:8      | Reached skill level 1 in Shields
  7604 | D:8      | Reached skill level 12 in Axes
  7608 | D:8      | Reached skill level 10 in Armour
  7845 | D:8      | Found a runed door.
  7853 | D:8      | Found the +10 large shield of Ignorance {rN+ Int-4}
  7853 | D:8      | Noticed an orange crystal statue
  7853 | D:8      | Noticed an orange crystal statue
  7853 | D:8      | Noticed an orange crystal statue
  7853 | D:8      | Noticed an orange crystal statue
  8005 | D:8      | Found a runed door.
  8037 | D:8      | Lost intelligence.
  8056 | D:8      | Killed from afar by an orc priest

Skill      XL: |  1  2  3  4  5  6  7  8  9 10 |
---------------+-------------------------------+-----
Axes           | 4 5 6 7 8 9 11 12 | 12.0
Fighting       | 4 5 6 9 |  9.3
Dodging        | 3 4 |  4.9
Armour         | 3 4 5 9 10 | 10.0
Shields        | 1 |  1.0

Action                   |  1- 3 |  4- 6 |  7- 9 | 10-12 || total
-------------------------+-------+-------+-------+-------++-------
Melee: Hand axe          |    62 |   191 |   230 |   120 ||   603
       Headbutt          |     7 |    32 |    71 |    21 ||   131
       Glaive            |       |       |   177 |       ||   177
Invok: Berserk           |       |     2 |     3 |     2 ||     7
       Trog's Hand       |       |       |       |     1 ||     1
  Use: Scroll            |       |       |     4 |       ||     4
       Potion            |       |       |     1 |     3 ||     4
  Eat: Chunk             |       |    11 |     8 |     2 ||    21
       Ration            |       |       |     5 |     1 ||     6
Armor: Animal skin       |    13 |     4 |       |       ||    17
       Chain mail        |       |    52 |    94 |       ||   146
       Plate armour      |       |       |   125 |   137 ||   262
Dodge: Dodged            |    36 |    87 |   182 |    85 ||   390
Block: Buckler           |       |       |     7 |    16 ||    23
